 Seeded DCSS version 0.32-a0-960-g3814254bd7 (webtiles) character file.

Game seed: 20240417 (custom seed)

501 Orlauf the Slasher (level 6, 0/49 HPs)
             Began as a Demonspawn Gladiator on Apr 17, 2024.
             Slain by a hound (4 damage)
             ... on level 5 of the Dungeon.
             The game lasted 00:04:15 (2793 turns).

Orlauf the Slasher (Demonspawn Gladiator)           Turns: 2793, Time: 00:04:15

Health: 0/49       AC:  7    Str: 17    XL:     6   Next: 95%
Magic:  6/6        EV:  9    Int: 10    God:
Gold:   205        SH:  0    Dex: 14    Spells: 5/5 levels left

rFire   + . .        a - +0 long sword (protect)
rCold   + . .        (no shield)
rNeg    . . .        f - +0 scale mail
rPois   +            c - +0 helmet
rElec   +            (no cloak)
rCorr   +            (no gloves)
SInv    .            (no boots)
Will    .....        (no amulet) Stlth
                     g - ring of flight
HPRegen 0.28/turn    (no ring)
MPRegen 0.10/turn

%: no passive effects
@: resistant, flying, wreathed by umbra
A: big brain 1, weakness stinger 1, foul shadow 1
a: no special abilities


You were on level 5 of the Dungeon.
You visited 1 branch of the dungeon, and saw 5 of its levels.

You collected 205 gold pieces.

Inventory:

Hand Weapons
 a - a +0 long sword of protection (weapon)
 h - the +5 Lochaber axe {reach-cleave, Poleaxe ^Drain}
   (You found it on level 2 of the Dungeon)

   Poleaxe:   It uses either Axes or Polearms skill, whichever is higher.
   ^Drain:    It drains your maximum health when unequipped.
Missiles
 d - 4 throwing nets (quivered)
 e - 5 javelins
Armour
 b - a +0 leather armour
 c - a +0 helmet (worn)
 f - a +0 scale mail (worn)
Jewellery
 g - a ring of flight (left hand)
 m - an amulet of faith
Wands
 j - a wand of flame (12)
Scrolls
 l - a scroll of revelation
 n - 3 scrolls of teleportation
Potions
 i - 3 potions of curing
 o - a potion of magic


   Skills:
 + Level 4.6 Fighting
 * Level 6.1 Long Blades
 - Level 1.7 Throwing
 - Level 2.6 Dodging


You had 5 spell levels left.
You didn't know any spells.
Your spell library contained the following spells:

 Spells                   Type           Power      Damage    Failure   Level
 Apportation              Tloc           0%         N/A       80%         1
 Necrotise                Necr           0%         1d4       80%         1
 Jinxbite                 Hex            0%         N/A       91%         2
 Vampiric Draining        Necr           0%         2d6       99%         3
 Martyr's Knell           Necr/Summ      0%         N/A       100%        4
 Alistair's Intoxication  Alch           0%         N/A       100%        5
 Curse of Agony           Necr           0%         N/A       100%        5


Dungeon Overview and Level Annotations

Branches:
Dungeon (5/15)
 Temple: D:4-7

Altars:
Gozag
Ru
Vehumet


Innate Abilities, Weirdness & Mutations

You have an unusually large brain. (Int +2)
You have a small tail.
You are faintly shadowed, very rarely releasing foul flame when damaged in melee.


Message History

The scorpion stings you but does no damage.
You hit the scorpion.
You tail-slap the scorpion, but do no damage.
The scorpion is almost dead.
The hound bites you but does no damage. x2; The white imp hits you.
The white imp freezes you. The scorpion barely misses you.
The hound bites you but does no damage. x2
You closely miss the scorpion.
The scorpion is almost dead.
The scorpion stings you.
* * * LOW HITPOINT WARNING * * *
You are poisoned.
The scorpion poisons you! The hound closely misses you.
The white imp gestures at you. The puff of frost misses you.
The hound pauses to sniff the ground.
The hound bites you but does no damage. The hound bites you.
* * * LOW HITPOINT WARNING * * *
The scorpion stings you.
* * * LOW HITPOINT WARNING * * *
You are more poisoned.
The scorpion poisons you! The white imp barely misses you.
You feel better. The hound closely misses you.
The hound bites you but does no damage. The hound bites you.
* * * LOW HITPOINT WARNING * * *
The hound is seared by the foul flame within you.
The hound is lightly wounded.
The scorpion stings you but does no damage.
The white imp gestures at you. The puff of frost misses you.
The hound attacks as it pursues you! The hound completely misses you.
The white imp gestures at you. The puff of frost hits you!
* * * LOW HITPOINT WARNING * * *
There is a stone staircase leading up here.
Unknown command.
It was a potion of resistance.
You feel protected. The hound bites you.
You die...

.................
.......!.#.. ....
....#....#. ....
..........##..#
........$..####
..##..!..........
......†[.........
#..sh<.......
#.O5@........
#..h.........
#.......#....
#......## ...
#......# ..
......## .
..#....#
####(....


You could see an ogre, a scorpion, 2 hounds and a white imp.

Vanquished Creatures
  A black bear (D:4)
  An ogre (D:4)
  A scorpion (D:4)
  A jelly (D:4)
  An orc priest (D:4)
  A sleepcap (D:4)
  8 adders
  3 gnolls (D:4)
  3 dart slugs
  9 orcs
  6 ball pythons
  13 endoplasms
  3 giant cockroaches
  6 goblins
  7 hobgoblins
  4 kobolds
  7 quokkas
  3 bats
  2 frilled lizards
  5 rats
85 creatures vanquished.

Notes
Turn   | Place    | Note
-------+----------+-------------------------------------------
     0 | D:1      | Orlauf the Demonspawn Gladiator began the quest for the
                  | Orb.
     0 | D:1      | Reached XP level 1. HP: 16/16 MP: 1/1
   125 | D:1      | Reached skill level 3 in Long Blades
   167 | D:1      | Gained mutation: You are faintly shadowed, very rarely
                  | releasing foul flame when damaged in melee. [demonic
                  | ancestry]
   167 | D:1      | Reached XP level 2. HP: 22/22 MP: 2/2
   480 | D:1      | Found a faded altar of an unknown god.
   638 | D:1      | Gained mutation: You have an unusually large brain. (Int
                  | +2) [demonic ancestry]
   638 | D:1      | Reached XP level 3. HP: 22/28 MP: 3/3
  1004 | D:2      | Found the +5 Lochaber axe {reach-cleave, Poleaxe ^Drain}
  1482 | D:3      | Found a radiant altar of Vehumet.
  1547 | D:3      | Found an opulent altar of Gozag.
  1643 | D:3      | Reached skill level 4 in Long Blades
  1643 | D:3      | Reached XP level 4. HP: 35/35 MP: 4/4
  2206 | D:4      | Noticed a black bear
  2219 | D:4      | Killed a black bear
  2220 | D:4      | Gained mutation: You have a small tail. [demonic ancestry]
  2220 | D:4      | Reached XP level 5. HP: 40/42 MP: 5/5
  2245 | D:4      | Reached skill level 5 in Long Blades
  2339 | D:4      | Reached XP level 6. HP: 48/48 MP: 6/6
  2519 | D:4      | Reached skill level 6 in Long Blades
  2634 | D:4      | Found a sacrificial altar of Ru.
  2768 | D:5      | Entered Level 5 of the Dungeon
  2793 | D:5      | Slain by a hound

Illustrated notes

Levels and vault maps discovered:
D:1:      spicycebolla_green_bress_n_ham_2, layout_basic,
          dreamdust_ecumenical_altar_hidden_monk_grotto
D:2:      layout_loops_ring
D:3:      layout_loops_cross, lemuel_doored_altar, vehumet_altar_wand_db
D:4:      layout_cave_pools, overflow_temple_1_default,
          kennysheep_generic_room_5
D:5:      layout_cave_pools, serial_shops, nicolae_shop_tiny_waterfront

Skill      XL: |  1  2  3  4  5  6 |
---------------+-------------------+-----
Long Blades    | 3 4 5 6 |  6.1
Fighting       | 3 4 |  4.6
Throwing       | |  1.7
Dodging        | |  2.6

Action                     |  1- 3 |  4- 6 || total
---------------------------+-------+-------++-------
  Melee: Long sword        |   113 |   170 ||   283
         Tailslap          |       |     9 ||     9
    Use: Potion            |     1 |     2 ||     3
         Scroll            |     5 |     2 ||     7
 Armour: Scale mail        |    96 |   181 ||   277
         Leather armour    |     1 |       ||     1
  Dodge: Dodged            |    51 |   171 ||   222

Table legend: (Time is in decaauts)
 A = Elapsed time spent in this place.
 B = Non-inter-level travel time spent in this place.
 C = Inter-level travel time spent in this place.
 D = Time resting spent in this place.
 E = Time spent auto-exploring this place.
 F = Levels seen in this place.
 G = Mean time per level.
                   A        B        C        D        E       F      G
               +--------+--------+--------+--------+--------+-----+--------+
         Total |   2845 |   2774 |     71 |     37 |   2071 |   5 |  569.0 |
       Dungeon |   2845 |   2774 |     71 |     37 |   2071 |   5 |  569.0 |
               +--------+--------+--------+--------+--------+-----+--------+

Top non-repeatable levels by time:
     D:1: 817 daAuts
     D:3: 729 daAuts
     D:2: 676 daAuts
     D:4: 594 daAuts
     D:5: 26 daAuts
